[Event "*** Titled Tuesday Blitz"]
[Site "Chess.com"]
[Date "2020.04.07"]
[Round "7"]
[White "temus_galaktionov"]
[Black "GOGIEFF"]
[Result "1/2-1/2"]
[WhiteElo "2762"]
[BlackElo "2939"]
[TimeControl "180+1"]
[EndTime "14:19:15 PDT"]
[Termination "Game drawn by agreement"]

1. d4 Nf6 2. Nf3 e6 3. c4 d5 4.
Nc3 c6 5. Qb3 Nbd7 6. Bg5 Qa5 7.
Bd2 Qb6 8. e3 Be7 9. Bd3 O-O 10.
O-O Qxb3 11. axb3 a6 12. e4 dxe4 13. Nxe4 Nxe4 14. Bxe4 Nf6 15. Bc2 Rd8 16. Bf4 Bd6 17.
Be3 b6 18. Rfd1 Bb7 19. h3 Kf8 20. Ng5 c5 21. dxc5 Bxc5 22. Bxh7 Bxe3 23. fxe3 g6 24.
Rf1 Kg7 25. Rf2 Be4 26. Raf1 Bf5 27. e4 Nxh7 28. Nxh7 Kxh7 29. exf5 gxf5 30. g4 Rd3 31.
Rf3 Rad8 32. gxf5 e5 33. b4 R3d4 34. Rc1 Rg8+ 35. Kh1 Rc8 36. b3 Kh6 37. f6 b5 38.
Rf5 bxc4 39. bxc4 Rdxc4 40. Rxc4 Rxc4 41. Rxe5 Rxb4 42. Ra5 Rb6 43. Kg2 Rxf6 44. Kg3 Rb6 45. h4 Kg6 46. Kg4 f5+ 47. Kg3 Re6 48. Kf4 Rb6 49.
Kg3 Rb3+ 50. Kf4 Rb4+ 51. Kg3 Rb5 52. Rxa6+ Kh5 53. Ra4 Rb3+ 54. Kg2 Re3 55. Rb4 Re4 56. Rxe4 1/2-1/2

[Event "*** Titled Tuesday Blitz"]
[Site "Chess.com"]
[Date "2020.04.07"]
[Round "7"]
[White "politeplayer"]
[Black "serhanberat_ozdemir"]
[Result "0-1"]
[WhiteElo "2212"]
[BlackElo "2475"]
[TimeControl "180+1"]
[EndTime "14:19:16 PDT"]
[Termination "serhanberat_ozdemir won by resignation"]

1. e4 c5 2. Nf3 e6 3. d4 cxd4 4. Nxd4 a6 5. Bd3 Bc5 6. Nb3 Ba7 7. Nc3 Nc6 8. Qg4 Nf6 9. Qg3 d6 10. O-O b5 11. Qxg7 Rg8 12. Qh6 Ne5 13. Be2 Rg6 14. Qh4 b4 15. Nd1 Bb7 16. Be3 Bxe4 17. f3 Bxe3+ 18.
Nxe3 Qb6 19. Qf2 Bc6 20. Nc4 Qxf2+ 21. Kxf2 Nxc4 22. Bxc4 Bb5 23. Bxb5+ axb5 24. Nd4 Rg5 25. a3 bxa3 26. Rxa3 Rxa3 27. bxa3 Rc5 28. Rb1 Rc4 29. Nxb5 Rxc2+ 30. Kg3 d5 31. h3 Ke7 32. a4 Ra2 33. Nc3 Ra3 34. Rb7+ Nd7 35. Rc7 Kd8 36. Rc6 Ne5 37. Rc5 Nc4 38. Nb5 Rxa4 39. Nd4 Kd7 40. Rb5 Nd6 0-1

[Event "*** Titled Tuesday Blitz"]
[Site "Chess.com"]
[Date "2020.04.07"]
[Round "7"]
[White "esteban062000"]
[Black "ersekitamara"]
[Result "0-1"]
[WhiteElo "2167"]
[BlackElo "1929"]
[TimeControl "180+1"]
[EndTime "14:19:16 PDT"]
[Termination "ersekitamara won by resignation"]

1. Nf3 Nf6 2. c4 e6 3. g3 b6 4. Bg2 Bb7 5. O-O Be7 6. Nc3 c5 7. b3 O-O 8. Bb2 a6 9. e3 Qc7 10. Qe2 d6 11. Rfd1 Nbd7 12. Rac1 Rac8 13. d4 cxd4 14.
exd4 Qb8 15. Na4 Rfe8 16. Ba3 Qa8 17. Nh4 Bxg2 18. Nxg2 Rb8 19. Nc3 b5 20. cxb5 axb5 21. Bb2 b4 22. Na4 Nd5 23. Ne3 N5b6 24. Nxb6 Nxb6 25.
Nc4 Nxc4 26. Rxc4 Qxa2 27. Qc2 d5 28. Rc7 Qa5 29. Ra1 Qb6 30. Raa7 Bf6 31. Rxf7 Rbc8 32.
Rfc7 Rxc7 33. Qxc7 Qxc7 34. Rxc7 Ra8 35. Kg2 Ra2 36.
Bc1 Bxd4 37. Rb7 Rxf2+ 38. Kh3 Bc3 39. Bg5 h6 40. Bf4 e5 41. Be3 Re2 42. Bc5 Rb2 43.
Rb8+ Kh7 44. Bxb4 Rxb3 45. Bd6 Rxb8 46. Bxb8 e4 47. Kg2 d4 48. Kf1 d3 49. Bf4 g5 50.
Be3 Kg6 51. h3 Kf5 52. g4+ Ke5 53. h4 Bd4 54. Bc1 e3 55. hxg5 hxg5 56. Ba3 Kf4 57.
Bd6+ Kf3 58. Ke1 Bc3+ 59. Kd1 e2+ 0-1

[Event "*** Titled Tuesday Blitz"]
[Site "Chess.com"]
[Date "2020.04.07"]
[Round "7"]
[White "tacticthunder"]
[Black "Vusatiuk_Vladimir"]
[Result "1-0"]
[WhiteElo "2538"]
[BlackElo "2371"]
[TimeControl "180+1"]
[EndTime "14:19:17 PDT"]
[Termination "tacticthunder won by resignation"]

1. e4 c5 2. Nf3 Nc6 3. d4 cxd4 4.
Nxd4 e5 5. Nb5 d6 6. c4 Be7 7.
Be3 Be6 8. Be2 a6 9. N5c3 Bg5 10. O-O h6 11. Na3 Bxe3 12. fxe3 Qb6 13. Qd2 Nge7 14. Nd5 Qd8 15. Rad1 O-O 16. Nxe7+ Qxe7 17. Qxd6 Qg5 18.
Nc2 Rfd8 19. Qc7 Bg4 20. Qxf7+ Kh8 21. Bxg4 Qxg4 22. Qf3 Qe6 23. b3 b5 24. c5 b4 25. Rd5 a5 26. Qf7 Qg4 27. Qf3 Qg6 28.
Qf5 Qxf5 29. Rxf5 Ne7 30. Rfxe5 Nxd5 31. exd5 Rac8 32. c6 Kg8 33. Nd4 Kf7 34. Kf2 Kf6 35. Re6+ Kf7 36. e4 Re8 37. Rxe8 Kxe8 38. d6 Kd8 39. e5 a4 40. e6 axb3 41. axb3 Ra8 42. e7+ Ke8 43. Ne6 Kf7 44. Nc7 1-0

[Event "*** Titled Tuesday Blitz"]
[Site "Chess.com"]
[Date "2020.04.07"]
[Round "7"]
[White "Teidi96"]
[Black "oneshot007"]
[Result "1-0"]
[WhiteElo "2219"]
[BlackElo "2390"]
[TimeControl "180+1"]
[EndTime "14:19:17 PDT"]
[Termination "Teidi96 won on time"]

1. e4 c5 2. Nf3 Nc6 3. d4 cxd4 4.
Nxd4 g6 5. c4 Bg7 6. Be3 Qb6 7.
Nxc6 Qxc6 8. Qc2 Nf6 9. Nc3 Ng4 10. Bf4 O-O 11. Be2 d6 12. O-O Ne5 13. b3 Be6 14.
Rac1 Rfc8 15. Nd5 Bxd5 16. exd5 Qc7 17. Qe4 Qa5 18. Rc2 a6 19. Be3 Qd8 20. g3 b5 21. cxb5 Rxc2 22. Qxc2 axb5 23. Bxb5 Qa5 24. a4 Qb4 25. Bd2 Qxd2 26. Qc7 Qxd5 27. f4 Nf3+ 28. Kf2 Bd4+ 29. Ke2 Qe4+ 30. Kd1 Nxh2 31. Re1 Qb1+ 32. Ke2 Qb2+ 33. Kd3 Bf6 34. Bc4 Qd4+ 35. Ke2 Ng4 36. Qc6 Rf8 37. Qf3 h5 38. Rd1 Qxc4+ 39. bxc4 Kg7 40.
Rd2 e5 41. a5 Re8 42. f5 e4 43. Qf1 Re5 44. Ra2 Rxf5 45. Qxf5 1-0

[Event "*** Titled Tuesday Blitz"]
[Site "Chess.com"]
[Date "2020.04.07"]
[Round "7"]
[White "PawnEatingZombie"]
[Black "PauloCesarCosta_sad"]
[Result "1-0"]
[WhiteElo "2135"]
[BlackElo "2089"]
[TimeControl "180+1"]
[EndTime "14:19:18 PDT"]
[Termination "PawnEatingZombie won on time"]

1. d4 d5 2. c4 c6 3. Nc3 e6 4. e3 f5 5. f4 Nf6 6. Nf3 Bd6 7. Be2 O-O 8. O-O Nbd7 9. Qc2 Ne4 10. Bd2 Ndf6 11. Rab1 a5 12. a3 Bd7 13. c5 Bc7 14. b4 axb4 15. axb4 Be8 16. Ne5 Nxc3 17. Bxc3 Bxe5 18. fxe5 Ne4 19. Be1 Qg5 20. Bd2 Bh5 21. Bd3 Ra3 22. Ra1 Rxa1 23. Rxa1 Nxd2 24. Qxd2 f4 25. exf4 Qxf4 26. Qxf4 Rxf4 27. Ra8+ Kf7 28. Ra7 Rxd4 29. Rxb7+ Kf8 30. Bf1 Rd1 31. Kf2 Rd2+ 32. Ke3 Rd1 33. Bd3 Bg6 34. Bxg6 hxg6 35. Rb6 Rb1 36.
Rxc6 Rxb4 37. Rxe6 Kf7 38. Rd6 Re4+ 39. Kd3 Rxe5 40.
c6 Re7 41. Kd4 Rc7 42. Kxd5 g5 43. Rd7+ Rxd7+ 44. cxd7 Ke7 45. Kc6 Kd8 46. Kd6 g4 47. g3 g5 48. Ke6 1-0

[Event "*** Titled Tuesday Blitz"]
[Site "Chess.com"]
[Date "2020.04.07"]
[Round "7"]
[White "2L8IWUN"]
[Black "Gennady_Kozlov"]
[Result "1/2-1/2"]
[WhiteElo "2386"]
[BlackElo "2589"]
[TimeControl "180+1"]
[EndTime "14:19:19 PDT"]
[Termination "Game drawn by repetition"]

1. d4 e6 2. Nf3 Nf6 3. Bf4 b6 4. e3 Bb7 5. Nbd2 Be7 6. h3 O-O 7. Bd3 d5 8. O-O c5 9. c3 Bd6 10. Ne5 Nc6 11. Ndf3 Ne4 12. Nxc6 Bxc6 13. Bxd6 Qxd6 14.
Bxe4 dxe4 15. Ne5 cxd4 16. cxd4 Bd5 17. Qa4 f6 18. Nc4 Qe7 19. Rfc1 Rac8 20. Nd2 f5 21. Rc3 Rxc3 22. bxc3 f4 23. c4 Ba8 24. exf4 Rxf4 25.
Re1 h5 26. Qc2 Qg5 27. Nf1 e3 28. Nxe3 Rxd4 29. Qa4 Rf4 30. Qe8+ Rf8 31. Qxe6+ Kh7 32.
Nd5 Rf5 33. Qe4 Qg6 34. Nf6+ Qxf6 35. Qxa8 Rxf2 36. Qd5 Rf5 37. Qd3 Kh6 38. Re8 g6 39. Qd2+ Qg5 40. Qc3 Qf6 41. Qxf6 Rxf6 42. Re7 a5 43.
Rc7 Rd6 44. c5 bxc5 45. Rxc5 Ra6 46. a4 Kg7 47. Kf2 Kf6 48. Kg3 g5 49. Rb5 Kg6 50. h4 g4 51. Rg5+ Kh6 52. Rb5 Kg6 53. Rg5+ Kh6 54. Rb5 Ra8 55. Rb6+ Kh7 56. Kf4 Rc8 57.
Kg5 Rc5+ 58. Kf4 Rc4+ 59. Kg5 Rc5+ 60. Kf4 Rc4+ 61. Kg5 Rc5+ 1/2-1/2

[Event "*** Titled Tuesday Blitz"]
[Site "Chess.com"]
[Date "2020.04.07"]
[Round "7"]
[White "guilhermedeola"]
[Black "ChessBitl"]
[Result "1-0"]
[WhiteElo "2156"]
[BlackElo "2298"]
[TimeControl "180+1"]
[EndTime "14:19:19 PDT"]
[Termination "guilhermedeola won on time"]

1. c4 e5 2. Nc3 f5 3. e3 Nf6 4. Nge2 d6 5. d4 Be7 6. g3 O-O 7. Bg2 c5 8. dxe5 dxe5 9. O-O Be6 10.
Bxb7 Nbd7 11. Bxa8 Qxa8 12. Nd5 Nxd5 13. cxd5 Bxd5 14.
Nc3 Be6 15. Re1 Nb6 16. e4 fxe4 17. Rxe4 Nd5 18. Rxe5 Nxc3 19. bxc3 Bh3 20. Qd5+ Qxd5 21. Rxd5 Bf6 22. Bd2 c4 23. Re1 Rb8 24. Bf4 Rb2 25. Be5 Bxe5 26. Rdxe5 Rxa2 27. Rc5 Ra4 28. Rc7 h5 29. f4 Ra2 30. Rxc4 a5 31. Rc5 h4 32. Rce5 a4 33. R5e2 Ra3 34. Rc1 Bg4 35. Rb2 h3 36.
Kf2 Kf7 37. Ke3 Be6 38. Kd4 Bb3 39. Kc5 Ke6 40. Kb4 Ra2 41. Rxa2 Bxa2 42. c4 Kd6 43.
c5+ Kc6 44. Kxa4 Bd5 45. Kb4 Bf3 46. Re1 1-0

[Event "*** Titled Tuesday Blitz"]
[Site "Chess.com"]
[Date "2020.04.07"]
[Round "7"]
[White "joksijoksi"]
[Black "zacachess"]
[Result "1/2-1/2"]
[WhiteElo "2263"]
[BlackElo "2287"]
[TimeControl "180+1"]
[EndTime "14:19:21 PDT"]
[Termination "Game drawn by repetition"]

1. e4 c5 2. Nc3 g6 3. d4 cxd4 4. Qxd4 Nf6 5. Be3 Nc6 6. Qd2 Bg7 7. O-O-O d6 8. f3 Bd7 9. Nge2 Rc8 10. h4 h5 11. Nf4 Qa5 12. Kb1 Ne5 13. a3 Nc4 14.
Bxc4 Rxc4 15. Qd3 b5 16. Bd2 Qc7 17. Ncd5 Nxd5 18. Nxd5 Qc8 19. Nxe7 Kxe7 20. Bg5+ Ke8 21. Qxd6 f6 22. Bxf6 Bxf6 23. Qxf6 Rg8 24. Qe5+ Be6 25. Rd6 Kf7 26. Rhd1 Re8 27. Qf4+ Kg7 28. Qe5+ Kh7 29. c3 a5 30. Qxb5 Rc5 31. Qd3 Qb8 32. e5 Qb3 33.
Kc1 Rxc3+ 34. Qxc3 Rc8 35. Rc6 Rxc6 36. Qxc6 Bf5 37. Qc7+ Kh6 38. Qc3 Qb6 39. Qd2+ Kg7 40. Qc3 Kh6 41. Qd2+ Kg7 42. Qc3 Kh6 1/2-1/2

[Event "*** Titled Tuesday Blitz"]
[Site "Chess.com"]
[Date "2020.04.07"]
[Round "7"]
[White "SketchyMoves"]
[Black "gena217"]
[Result "1/2-1/2"]
[WhiteElo "2772"]
[BlackElo "2938"]
[TimeControl "180+1"]
[EndTime "14:19:23 PDT"]
[Termination "Game drawn by repetition"]

1. e4 c6 2. Nc3 d5 3. Nf3 a6 4. d4 Bg4 5. h3 Bh5 6. Be2 e6 7. O-O Nf6 8. e5 Nfd7 9. Nd2 Bg6 10. f4 c5 11. Nf3 Nc6 12. Bd3 cxd4 13. Ne2 Bc5 14. a3 a5 15. Kh1 Qb6 16. b3 f6 17.
exf6 gxf6 18. f5 Bxf5 19. Bxf5 exf5 20. Nf4 Ne7 21. Bb2 O-O-O 22. b4 Bd6 23. Bxd4 Qa6 24. Ne6 Rde8 25. Re1 Rhg8 26. Qd2 Be5 27. Nf4 Qd6 28.
Nd3 Nc6 29. c3 a4 30. b5 Na5 31. Qc2 Nb3 32. Rad1 Kb8 33. Nb2 Ndc5 34. Nxa4 Nxd4 35.
cxd4 Ne4 36. dxe5 fxe5 37. b6 d4 38. Qc7+ Qxc7 39. bxc7+ Kxc7 40. Rc1+ Kd6 41. Nb6 Nf2+ 42. Kh2 Nd3 43. Nc4+ Kd5 44. Ncxe5 Nxe5 45. Nxe5 Rxe5 46. Rf1 d3 47. Rb1 Kc4 48. Rfc1+ Kd4 49. Rb4+ Kd5 50.
Rb5+ Kd6 51. Rb6+ Kd5 52. Rb5+ Kd6 53. Rb6+ Kd5 54. Rb5+ 1/2-1/2

[Event "*** Titled Tuesday Blitz"]
[Site "Chess.com"]
[Date "2020.04.07"]
[Round "7"]
[White "Ba_clbaf_osed_ingo_3v21"]
[Black "fireheart92"]
[Result "1-0"]
[WhiteElo "2698"]
[BlackElo "2875"]
[TimeControl "180+1"]
[EndTime "14:19:23 PDT"]
[Termination "Ba_clbaf_osed_ingo_3v21 won by resignation"]

1. d4 d5 2. c4 dxc4 3. e3 Nf6 4. Bxc4 e6 5. Nf3 a6 6. O-O b5 7. Bd3 Bb7 8. Qe2 Nbd7 9. a4 b4 10. e4 c5 11. d5 exd5 12. exd5+ Qe7 13. Qd1 O-O-O 14.
Bf4 Nxd5 15. Re1 Nxf4 16. Rxe7 Bxe7 17. Qf1 Nb8 18. Bf5+ Kc7 19. Nbd2 Nc6 20. Qc4 Bd6 21. Ne4 Na5 22. Qxf7+ Kb8 23. Nxd6 Rxd6 24. Qxg7 Rhd8 25.
Qe5 Ka8 26. h3 Nxg2 27. Kxg2 Rd5 28. Qc7 Rg8+ 29. Bg4 h5 30. Qxa5 hxg4 31. hxg4 Rd4 32. Rg1 Rdxg4+ 33. Kf1 Bxf3 34. Rxg4 Rxg4 35. Qd8+ Ka7 36.
Qd7+ Bb7 37. Qxg4 Kb6 38. Qc4 Bc6 39. b3 a5 40. Qe6 Kc7 41. Qe7+ Kb6 42. f4 c4 43. Qe3+ Kb7 44. bxc4 Bxa4 45. Qc5 Bc6 46. Qxa5 1-0

[Event "*** Titled Tuesday Blitz"]
[Site "Chess.com"]
[Date "2020.04.07"]
[Round "7"]
[White "ChristopherYoo"]
[Black "pooh2012"]
[Result "1-0"]
[WhiteElo "2663"]
[BlackElo "2481"]
[TimeControl "180+1"]
[EndTime "14:19:24 PDT"]
[Termination "ChristopherYoo won by checkmate"]

1. e4 c6 2. d4 d5 3. e5 Bf5 4. h4 h5 5. Bd3 Bxd3 6. Qxd3 Qa5+ 7. Nd2 Qa6 8. c4 e6 9. Ngf3 Nd7 10. O-O Nh6 11.
b3 Nf5 12. Bb2 Be7 13. g3 O-O 14. Rac1 Rfc8 15. Rfd1 b6 16. Qb1 Ba3 17. Nf1 Bxb2 18. Qxb2 b5 19. c5 Qb7 20. Ng5 Nf8 21. Qe2 g6 22.
Ne3 Qe7 23. Ng2 a5 24. Nf4 b4 25. Kg2 a4 26. Qd2 axb3 27. axb3 Rcb8 28. Rb1 Qb7 29. Nf3 Ra3 30. Nh3 Rba8 31. Qf4 Ra2 32. Rd2 Rxd2 33. Qxd2 Ra3 34. Ne1 Qa7 35. Qxb4 Ra2 36. Qc3 Qa6 37. Nf4 Nd7 38. Nf3 Nb8 39. Ng5 Qb7 40. Rf1 Na6 41. Re1 Nb4 42. Rd1 Rc2 43. Qf3 Na2 44.
Nxh5 gxh5 45. Qxh5 Kf8 46. Qh8+ Ke7 47. Qf6+ Ke8 48. Rd3 Nb4 49. Rf3 Qe7 50. Rxf5 exf5 51. Qxf5 Kd8 52. Nxf7+ Kc7 53. Nd6 Rd2 54. Qc8# 1-0

[Event "*** Titled Tuesday Blitz"]
[Site "Chess.com"]
[Date "2020.04.07"]
[Round "7"]
[White "zmeeed67"]
[Black "volcanoexplorer"]
[Result "1-0"]
[WhiteElo "2404"]
[BlackElo "2529"]
[TimeControl "180+1"]
[EndTime "14:19:24 PDT"]
[Termination "zmeeed67 won by checkmate"]

1. d4 Nf6 2. c4 e6 3. Nc3 Bb4 4.
f3 c5 5. d5 d6 6. e4 O-O 7.
Ne2 Ne8 8. a3 Ba5 9. Ng3 f5 10.
dxe6 Bxe6 11. exf5 Bxf5 12. Qd5+ Rf7 13. Nxf5 Qf6 14. Bd2 Qxf5 15. Qxf5 Rxf5 16. Bd3 Re5+ 17. Kf2 Nc6 18. Bf4 Bxc3 19. bxc3 Re6 20. Be4 Nf6 21. Bf5 Ree8 22. Bxd6 Rad8 23. Bf4 g6 24. Bc2 Nh5 25. Bg5 Rd6 26. Rhe1 Re2+ 27. Rxe2 Kf7 28. Rae1 Ng7 29. Bh4 Nf5 30. Bg3 Rd7 31. Bxf5 gxf5 32. Bf4 h5 33. Bc1 Na5 34. Rd2 Rc7 35. Rd5 Kg6 36.
Re6+ Kf7 37. Ree5 Nxc4 38. Rxc5 Rd7 39. Rxf5+ Ke6 40. Rxh5 Nd6 41. Rh6+ Ke7 42. Rd5 Rc7 43. Bg5+ Kf7 44. Rh7+ Ke6 45. Rxc7 Kxd5 46. Rd7 Kc6 47.
Rxd6+ Kxd6 48. h4 Ke5 49. h5 Kf5 50. h6 Kxg5 51. h7 b5 52. h8=Q b4 53. cxb4 a5 54. bxa5 Kf4 55. Qf6# 1-0

[Event "*** Titled Tuesday Blitz"]
[Site "Chess.com"]
[Date "2020.04.07"]
[Round "7"]
[White "MFBerna"]
[Black "Vojtastr"]
[Result "1-0"]
[WhiteElo "2339"]
[BlackElo "2467"]
[TimeControl "180+1"]
[EndTime "14:19:24 PDT"]
[Termination "MFBerna won on time"]

1. e4 c5 2. Nf3 Nc6 3. Bb5 g6 4. O-O Bg7 5. Re1 e5 6. d3 Nge7 7. Nbd2 O-O 8. Nf1 a6 9. Bc4 b5 10. Bb3 Na5 11. Ne3 Nxb3 12. axb3 d6 13. c4 Bb7 14. Nd5 Nxd5 15. cxd5 a5 16. Bd2 Qb6 17. Qc1 Rfc8 18. Bh6 Bh8 19. Qg5 a4 20. bxa4 Rxa4 21.
Rxa4 bxa4 22. Nd2 Ba6 23. Qe7 Bxd3 24. Re3 Bb5 25. Rf3 Qc7 26. Rxf7 Qxe7 27. Rxe7 Rb8 28.
Ra7 Be8 29. Nc4 Bf6 30. g3 Rd8 31. Rb7 g5 32. h4 gxh4 33. gxh4 Bxh4 34. Ne3 Bg6 35.
f3 Bf6 36. Nc4 Ra8 37. Nxd6 a3 38. bxa3 Rd8 39. Nc4 Ra8 40. Kf2 Bd8 41. Ke2 Bf6 42.
Kd3 Bd8 43. Rg7+ Kh8 44. Rd7 Kg8 45. Nxe5 1-0

[Event "*** Titled Tuesday Blitz"]
[Site "Chess.com"]
[Date "2020.04.07"]
[Round "7"]
[White "Kumi29"]
[Black "Leonid_Starozhilov"]
[Result "0-1"]
[WhiteElo "2439"]
[BlackElo "2666"]
[TimeControl "180+1"]
[EndTime "14:19:26 PDT"]
[Termination "Leonid_Starozhilov won by resignation"]

1. d4 Nf6 2. Bg5 e6 3. Nd2 d5 4. e3 h6 5. Bh4 Nbd7 6. Bd3 Be7 7.
c3 e5 8. dxe5 Nxe5 9. Bc2 c6 10.
Ngf3 Bg4 11. h3 Bxf3 12. Nxf3 Nc4 13. b3 Nd6 14. O-O O-O 15. Nd4 Nfe4 16. Bxe7 Qxe7 17.
Qd3 g6 18. a4 Rad8 19. a5 a6 20. Rad1 Qc7 21. b4 Nc4 22. Ra1 Ne5 23. Qe2 Nxc3 24. Qe1 Ne4 25. f3 Nd6 26. f4 Nec4 27.
Qg3 Nd2 28. Bxg6 fxg6 29. Qxg6+ Qg7 30. Qxg7+ Kxg7 31. Ne6+ Kf7 32. Nxd8+ Rxd8 33. Rfd1 N2e4 34. g4 h5 35. Kg2 Rg8 36. Kf3 Nc4 37. Rh1 Ncd2+ 38.
Ke2 Nb3 39. Rad1 Ng3+ 40. Kf3 Nxh1 41. Rxh1 Nd2+ 42. Ke2 Ne4 43. g5 Ng3+ 0-1

[Event "*** Titled Tuesday Blitz"]
[Site "Chess.com"]
[Date "2020.04.07"]
[Round "7"]
[White "fugadelafuga"]
[Black "MikeSailer"]
[Result "1/2-1/2"]
[WhiteElo "2306"]
[BlackElo "2066"]
[TimeControl "180+1"]
[EndTime "14:19:26 PDT"]
[Termination "Game drawn - insufficient material"]

1. e4 d5 2. exd5 Qxd5 3. Nc3 Qd6 4. d4 Nf6 5. Nge2 c6 6. Bf4 Qd8 7. Qd2 Bg4 8. f3 Bf5 9. g4 Bg6 10. O-O-O e6 11. Ng3 Nbd7 12. h4 h6 13. Bd3 Bxd3 14.
Qxd3 Qa5 15. Kb1 O-O-O 16. Nge4 Nb6 17. Bd2 Bb4 18. a3 Bxc3 19. Bxc3 Qd5 20. Nxf6 gxf6 21. Qe4 Nc4 22. Rhe1 Qb5 23. Ka2 Rd5 24. b3 Nd6 25.
Qe2 Qxe2 26. Rxe2 h5 27. Bb2 hxg4 28. fxg4 Rxh4 29. Rf1 Ne8 30. c4 Rg5 31. Rg1 Rgxg4 32. Rxg4 Rxg4 33. d5 cxd5 34. cxd5 e5 35. a4 Kd7 36. Ba3 Nd6 37. Rf2 Rf4 38. Rh2 Rd4 39. Rh6 Rxd5 40. Rxf6 e4 41. Bxd6 Rxd6 42. Rxf7+ Kc6 43.
Re7 Kd5 44. Rxb7 Re6 45. Rd7+ Ke5 46. Rd1 e3 47. b4 Ke4 48. Kb3 e2 49. Re1 Ke3 50.
Kc4 Kd2 51. Rxe2+ Kxe2 52. Kc5 Kd3 53. b5 Kc3 54. a5 Kb3 55. b6 axb6+ 56. axb6 Ka4 57.
b7 Re8 58. Kb6 Kb4 59. Kc7 Kb5 60. b8=Q+ Rxb8 61. Kxb8 1/2-1/2

[Event "*** Titled Tuesday Blitz"]
[Site "Chess.com"]
[Date "2020.04.07"]
[Round "7"]
[White "Eltaj_Safarli"]
[Black "Zkid"]
[Result "1/2-1/2"]
[WhiteElo "3051"]
[BlackElo "2829"]
[TimeControl "180+1"]
[EndTime "14:19:27 PDT"]
[Termination "Game drawn - insufficient material"]

1. e4 e6 2. d4 d5 3. Nd2 c5 4.
Ngf3 cxd4 5. Nxd4 Nc6 6. Bb5 Bd7 7. Nxc6 bxc6 8. Bd3 Qc7 9. Qe2 Ne7 10. Nf3 Ng6 11.
O-O Be7 12. e5 c5 13. c4 dxc4 14. Bxc4 O-O 15. b3 Bc6 16. Bb2 Rfd8 17. Qe3 Qb7 18. Be2 a5 19. Rfd1 Rxd1+ 20. Rxd1 a4 21. Bc4 axb3 22. axb3 Bxf3 23. Qxf3 Qxf3 24. gxf3 Bg5 25. Bc3 Bf4 26. Re1 h5 27. Bd3 Ra3 28. Bc2 Nh4 29.
Bd1 g5 30. h3 c4 31. Bb4 Rxb3 32. Bxb3 Nxf3+ 33. Kf1 Nxe1 34. Bxc4 Nf3 35. Be2 g4 36. hxg4 hxg4 37. Kg2 Nxe5 38. Bc3 f5 39. Bxe5 Bxe5 40.
Bc4 Kf7 41. Bb3 Kf6 42. Bc4 Bc7 43. Bb3 e5 44. Bc2 e4 45. Bd1 Kg5 46. Bc2 Kf4 47.
Ba4 Bb6 48. Bd7 Kg5 49. Bc6 Bc5 50. Bb7 Kf6 51. Bc6 Ke6 52. Bb7 Kd7 53. Kg3 Bd6+ 54. Kg2 Ke6 55. Bc8+ Kf6 56. Bb7 Kg5 57. Bc6 Bc5 58.
Bb7 e3 59. fxe3 Bxe3 60. Ba6 Bc5 61. Bd3 Kf4 62. Bc2 Be7 63. Bd3 Bh4 64. Bc2 Ke5 65. Bd3 f4 66. Be2 Kf5 67. Bd1 f3+ 68. Bxf3 gxf3+ 69. Kxf3 1/2-1/2

[Event "*** Titled Tuesday Blitz"]
[Site "Chess.com"]
[Date "2020.04.07"]
[Round "7"]
[White "Treacherous_horse64"]
[Black "Everyfishknows"]
[Result "0-1"]
[WhiteElo "2173"]
[BlackElo "2352"]
[TimeControl "180+1"]
[EndTime "14:19:27 PDT"]
[Termination "Everyfishknows won by checkmate"]

1. d4 Nf6 2. Nf3 g6 3. Nbd2 d5 4. e3 Bg7 5. b4 O-O 6. c4 a5 7. b5 c5 8. dxc5 Ne4 9. Ba3 Nxd2 10. Nxd2 Bxa1 11. Qxa1 dxc4 12. Bxc4 Nd7 13. h4 h5 14.
g4 Nf6 15. gxh5 Nxh5 16. Rg1 Kh7 17. Ne4 f6 18. Be2 Bf5 19. Ng3 Nxg3 20. Rxg3 Qd5 21. Bf3 Qc4 22. h5 g5 23. Qd4 Qxb5 24. e4 Qb1+ 25.
Ke2 Rad8 26. Qa4 Qxa2+ 27. Kf1 Bd7 28. Qxa5 Ra8 29. Qc7 Bb5+ 30. Kg2 Rf7 31. Bc1 Qe6 32. Qxb7 Bc6 33. Qc7 Bxe4 34. Bb2 Bxf3+ 35. Rxf3 Ra2 36.
Bd4 g4 37. Re3 Qd5+ 38. Kg3 e5 39. Bc3 Rxc7 40. Rd3 Qxd3+ 41. Kxg4 Qxc3 42. Kf5 Qxc5 43. Ke6 Qc6+ 44. Kf5 Qf3+ 45. Ke6 Rc6+ 46. Kd7 Qd5+ 47. Ke8 Ra8+ 48. Ke7 Qe6# 0-1

[Event "*** Titled Tuesday Blitz"]
[Site "Chess.com"]
[Date "2020.04.07"]
[Round "7"]
[White "Alvarov79"]
[Black "HrvojeZagreb"]
[Result "0-1"]
[WhiteElo "2281"]
[BlackElo "2134"]
[TimeControl "180+1"]
[EndTime "14:19:27 PDT"]
[Termination "HrvojeZagreb won by checkmate"]

1. d4 e6 2. c4 f5 3. g3 Nf6 4.
Bg2 Be7 5. Nf3 d6 6. O-O O-O 7. Nc3 Nc6 8. Qc2 e5 9. dxe5 dxe5 10. Rd1 Qe8 11. Bg5 Qh5 12. Bxf6 Bxf6 13. Nd5 Bd8 14. e3 f4 15. exf4 Bg4 16. Nxe5 Nxe5 17. fxe5 Bxd1 18. Rxd1 Qxe5 19. Nf4 c6 20. c5 Bg5 21. Nd3 Qf5 22. f4 Bf6 23. Qb3+ Kh8 24. Nf2 Qxc5 25. Kf1 Rad8 26. Rxd8 Rxd8 27. Bf3 Rd2 28. Be2 Qc1+ 29.
Nd1 b5 30. Kf2 Qc5+ 31. Ke1 Rd8 32. Nf2 a5 33. Kf1 a4 34. Qe6 Qd5 35. Qg4 Bxb2 36.
Bf3 Qd7 37. Qh5 g6 38. Qg5 Bg7 39. Kg2 Qd6 40. Kh3 c5 41. Ne4 Qd7+ 42. Bg4 Qd3 43. Nxc5 Qf1+ 44. Kh4 Rf8 45. Ne6 Bf6 46. Nxf8 Bxg5+ 47. Kxg5 Qf2 48. Nd7 Qxh2 49. Ne5 Kg7 50. f5 Qh6# 0-1

[Event "*** Titled Tuesday Blitz"]
[Site "Chess.com"]
[Date "2020.04.07"]
[Round "7"]
[White "Vaathi_Coming"]
[Black "Philosopherrr"]
[Result "1-0"]
[WhiteElo "2850"]
[BlackElo "2438"]
[TimeControl "180+1"]
[EndTime "14:19:30 PDT"]
[Termination "Vaathi_Coming won by resignation"]

1. e4 e5 2. Nf3 Nc6 3. Bb5 a6 4. Ba4 Nf6 5. O-O Be7 6. Re1 b5 7. Bb3 d6 8. c3 O-O 9. h3 Bb7 10. d4 Re8 11. Nbd2 exd4 12. cxd4 Nd7 13. Nf1 Na5 14. Bc2 Bf6 15. Ng3 g6 16. Rb1 c5 17. b3 Nc6 18. Bb2 Nb4 19. dxc5 Nxc2 20. Qxc2 Bxb2 21. c6 Rc8 22. Qxb2 Bxc6 23. Rbd1 Nc5 24.
Qd4 Qe7 25. Qxd6 Nxe4 26. Qxe7 Rxe7 27. Nd4 Ba8 28. f3 Nc3 29. Rxe7 Nxd1 30. Nge2 b4 31.
Ra7 Kg7 32. Rxa6 Nc3 33. Kf2 Bd5 34. Nf4 Rd8 35. Ra7 Kf6 36. Ra6+ Kg7 37. Kg3 h5 38. h4 Rd7 39. Nde2 Bb7 40. Ra7 Nxe2+ 41. Nxe2 Rd2 42. Nf4 Bc6 43. Ne6+ Kf6 44. Ng5 Bd5 45. Rd7 Ke5 46. f4+ Kd4 47. Nf3+ 1-0

[Event "*** Titled Tuesday Blitz"]
[Site "Chess.com"]
[Date "2020.04.07"]
[Round "7"]
[White "willc-h99"]
[Black "jeaston1"]
[Result "0-1"]
[WhiteElo "2245"]
[BlackElo "2432"]
[TimeControl "180+1"]
[EndTime "14:19:31 PDT"]
[Termination "jeaston1 won on time"]

1. c4 e5 2. g3 Nf6 3. Bg2 Nc6 4. Nc3 Bb4 5. Nd5 Bc5 6. e3 O-O 7. Ne2 d6 8. O-O Be6 9. Nxf6+ Qxf6 10. b3 Bg4 11. h3 Bf3 12. Bb2 Bxg2 13. Kxg2 a5 14. d4 Bb6 15. d5 Ne7 16. e4 Qg6 17. f3 f5 18. Qd3 a4 19. g4 h5 20. exf5 Rxf5 21.
Ng3 hxg4 22. hxg4 Rf6 23. Ne4 Rf4 24. Bc1 Rf7 25. Rh1 Nf5 26. Rh5 Nd4 27. Rg5 Qh7 28. Rh5 Qg6 29. Rg5 Qh7 30. f4 exf4 31. Bb2 f3+ 32. Kg3 Ne2+ 33. Qxe2 fxe2 34. Nf6+ Rxf6 35. Bxf6 Re8 36. Bxg7 Qxg7 37. Rxg7+ Kxg7 38. Re1 Ba5 39. Rxe2 Rxe2 40. bxa4 Rxa2 0-1

[Event "*** Titled Tuesday Blitz"]
[Site "Chess.com"]
[Date "2020.04.07"]
[Round "7"]
[White "floplover"]
[Black "Orest_Vovk"]
[Result "0-1"]
[WhiteElo "2267"]
[BlackElo "2482"]
[TimeControl "180+1"]
[EndTime "14:19:32 PDT"]
[Termination "Orest_Vovk won on time"]

1. d4 Nc6 2. Nf3 d6 3. g3 e5 4.
dxe5 Nxe5 5. Bg2 Nf6 6. O-O Be7 7. Nxe5 dxe5 8. Qxd8+ Bxd8 9. b3 c6 10. Ba3 Be7 11.
Bb2 Bd6 12. Rd1 Ke7 13. a4 Rd8 14. Nd2 Be6 15. a5 a6 16. Nf3 Nd7 17. Ng5 f6 18. Nxe6 Kxe6 19. Rd2 Bc5 20. Rad1 Ke7 21. Bh3 Nf8 22. Rxd8 Rxd8 23. Rxd8 Kxd8 24. c3 Kc7 25. b4 Bd6 26. Bc1 c5 27. Be3 cxb4 28. Bb6+ Kc6 29. cxb4 Bxb4 30. Bg2+ Kb5 31. Bxb7 Bxa5 32. Be3 Ne6 33. Bd5 Nd4 34. Kf1 Bc3 35. h4 a5 36.
h5 h6 37. f4 Nc2 38. Bc1 Bd4 39. Be4 Ne3+ 40. Ke1 Nc4 41. fxe5 Bxe5 42. g4 Kb4 43. Bd5 Bc3+ 44. Kd1 Ne5 45. Be6 Nc6 46. e3 a4 47.
Kc2 Be5 48. Bd2+ Kc5 49. Bd7 Nb4+ 0-1